 Dungeon Crawl Stone Soup version 0.29-a0-1027-gcd8c55af63 (webtiles) character file.

Game seed: 12294226967381417099

51 27heaven the Slasher (level 3, -1/29 HPs)
             Began as a Barachi Delver on Aug 12, 2022.
             Slain by an orc
             ... wielding a +0 mace
              (4 damage)
             ... on level 4 of the Dungeon.
             The game lasted 00:03:42 (612 turns).

27heaven the Slasher (Barachi Delver)                Turns: 612, Time: 00:03:43

Health: -1/29      AC:  3    Str: 13    XL:     3   Next: 81%
Magic:  3/3        EV: 12    Int: 10    God:
Gold:   60         SH:  0    Dex: 15    Spells: 2/2 levels left

rFire   . . .      SeeInvis .   a - +0 falchion
rCold   . . .      Faith    .   (no shield)
rNeg    . . .      Spirit   .   b - +0 leather armour
rPois   .          Reflect  .   (no helmet)
rElec   .          Harm     .   k - scarf {+Inv}
rCorr   .          Rampage  .   (no gloves)
Will    .....                   (no boots)
Stlth   +++.......              (no amulet)
HPRegen 0.09/turn               (no ring)
MPRegen 0.08/turn               (no ring)

@: slow
A: amphibious, slowness 1, strong legs 1, +LOS
a: Hop, Evoke Invisibility


You were on level 4 of the Dungeon.
You visited 1 branch of the dungeon, and saw 2 of its levels.

You collected 60 gold pieces.

Inventory:

Hand Weapons
 a - a +0 falchion (weapon)
Missiles
 j - 3 poisoned darts (quivered)
Armour
 b - a +0 leather armour (worn)
 k - a scarf of invisibility (worn)
Jewellery
 f - a ring of magical power
Wands
 g - a wand of digging (3)
 i - a wand of paralysis (11)
Scrolls
 c - a scroll of fog
 d - a scroll of magic mapping
 e - a scroll of fear
 h - 2 scrolls of identify {unknown}


   Skills:
 - Level 3.6 Fighting
 + Level 4.9 Long Blades
 - Level 2.1 Dodging
 - Level 4.5 Stealth


You had 2 spell levels left.
You didn't know any spells.
Your spell library was empty.

Dungeon Overview and Level Annotations

Branches:
Dungeon (5/15)
 Temple: D:4-7

Altars:

Annotations:
D:5 Ijyb


Innate Abilities, Weirdness & Mutations

You are amphibious.
You cover ground slowly.
You can hop short distances.
You have an extended range of vision and can be seen from far away.


Message History

The adder attacks as you move away! The adder misses you. The adder bites you.
You hit the adder but do no damage. The adder bites you but does no damage.
You miss the adder. The adder barely misses you. x2
You hit the adder.
The adder is heavily wounded.
The adder bites you.
You hit the adder.
The adder is severely wounded.
The adder barely misses you. The adder closely misses you.
You slash the adder!
You kill the adder!
You barely miss the kobold. The kobold hits you with a +0 whip.
You barely miss the kobold. The kobold barely misses you.
The orc closely misses you.
You barely miss the kobold.
The orc hits you from afar with a +0 trident.
The kobold hits you with a +0 whip.
You closely miss the kobold. The orc barely misses you.
The kobold hits you with a +0 whip.
You hit the kobold.
You kill the kobold!
The orc misses you. The orc barely misses you.
Things that are here:
a +0 whip; an adder corpse You closely miss the orc.
The orc hits you with a +0 trident!
* * * LOW HITPOINT WARNING * * *
You closely miss the orc. The orc barely misses you.
You barely miss the orc. The orc closely misses you.
You hit the orc.
The orc is moderately wounded.
The orc hits you with a +0 trident.
* * * LOW HITPOINT WARNING * * *
You hit the orc.
You kill the orc!
You hit the orc.
The orc is almost dead.
The orc hits you with a +0 mace.
You die...

#.#..##.#.#........
#.#..........#..###
#.##.##.####.......
#....##.# ####.###
#..####.# .# #..#
#.#######[# #..#
#.......... ##o#
#########.# #@# #.#
#.# #.# #.# #.#
##.# #..# #..#


You could see an orc.

Vanquished Creatures
  An orc priest (D:4)
  2 adders
  An orc (D:4)
  A hobgoblin (D:4)
  A kobold (D:4)
6 creatures vanquished.

Notes
Turn   | Place    | Note
-------+----------+-------------------------------------------
     0 | D:5      | 27heaven the Barachi Delver began the quest for the Orb.
     0 | D:5      | Reached XP level 1. HP: 18/18 MP: 1/1
    53 | D:5      | Noticed a jelly
   123 | D:5      | Noticed an ice beast
   148 | D:5      | Reached XP level 2. HP: 11/24 MP: 2/2
   347 | D:5      | Noticed Ijyb
   410 | D:4      | Noticed an ice beast
   572 | D:4      | Reached XP level 3. HP: 29/29 MP: 3/3
   612 | D:4      | Slain by an orc

Illustrated notes

Levels and vault maps discovered:
D:4:      layout_loops_ring, nicolae_overflow_hidden_temple
D:5:      layout_loops_corners, uniq_edmund, uniq_ijyb

Skill      XL: |  1  2 |
---------------+-------+-----
Long Blades    | 3 4 |  4.9
Fighting       | |  3.6
Dodging        | |  2.1
Stealth        | |  4.5

Action                   || total
-------------------------++-------
Melee: Falchion          ||    32
Throw: Dart              ||     1
 Abil: Hop               ||     1
  Use: Potion            ||     1
Armor: Leather armour    ||     3
Dodge: Dodged            ||    27

Table legend: (Time is in decaauts)
 A = Elapsed time spent in this place.
 B = Non-inter-level travel time spent in this place.
 C = Inter-level travel time spent in this place.
 D = Time resting spent in this place.
 E = Time spent auto-exploring this place.
 F = Levels seen in this place.
 G = Mean time per level.
                   A        B        C        D        E       F      G
               +--------+--------+--------+--------+--------+-----+--------+
         Total |    675 |    675 |      0 |    169 |      0 |   2 |  337.5 |
       Dungeon |    675 |    675 |      0 |    169 |      0 |   2 |  337.5 |
               +--------+--------+--------+--------+--------+-----+--------+

Top non-repeatable levels by time:
     D:5: 369 daAuts
     D:4: 305 daAuts
